 Dungeon Crawl Stone Soup version 0.30-a0-760-g5a9884bb7c (webtiles) character file.

Game seed: 3654479437374520391

80334 porpoise the Covert (level 15, -4/117 HPs)
             Began as a Gnoll Enchanter on Feb 11, 2023.
             Was the Champion of Dithmenos.
             Slain by a demonspawn (7 damage)
             ... while paralysed by an orc sorcerer
             ... on level 2 of the Orcish Mines on Feb 12, 2023.
             The game lasted 02:15:08 (29297 turns).

porpoise the Covert (Gnoll Enchanter)              Turns: 29297, Time: 02:15:09

Health: -4/117     AC: 17    Str:  7    XL:     15   Next: 66%
Magic:  10/30      EV:  2    Int: 17    God:    Dithmenos [******]
Gold:   2036       SH:  0    Dex: 26    Spells: 15/37 levels left

rFire   . . .      SeeInvis .    a - +7 dagger (speed)
rCold   . . .      Faith    .    Z - +1 buckler
rNeg    . . .      Spirit   .    j - +4 troll leather armour {Snorg}
rPois   +          Reflect  .    M - +0 helmet
rElec   +          Harm     +    X - +1 cloak "Uggostog" {Harm rElec rPois rCorr Dex+2}
rCorr   +          Rampage  .    Q - +0 pair of gloves
Will    +....                    W - +1 pair of boots
Stlth   ++++++++++               u - amulet of the acrobat
HPRegen 1.19/turn                z - +5 ring of evasion
MPRegen 0.22/turn                s - +6 ring of dexterity

@: paralysed, wreathed by umbra
A: fangs 1, strong nose, distributed training
a: Renounce Religion, Shadow Step, Shadow Form


You were on level 2 of the Orcish Mines.
You worshipped Dithmenos.
Dithmenos was exalted by your worship.
You visited 4 branches of the dungeon, and saw 22 of its levels.
You also visited: Sewer.

You collected 2238 gold pieces.
You spent 202 gold pieces at shops.

Inventory:

Hand Weapons
 a - a +7 dagger of speed (weapon)
 b - a +4 scimitar of flaming
Missiles
 m - 10 poisoned darts (quivered)
 r - 5 boomerangs of dispersal
 w - a throwing net
 G - 2 curare-tipped darts
Armour
 j - a +4 troll leather armour (worn) {Snorg}
 M - a +0 helmet (worn)
 Q - a +0 pair of gloves (worn)
 W - a +1 pair of boots (worn)
 X - the +1 cloak "Uggostog" (worn) {Harm rElec rPois rCorr Dex+2}
   (You found it on level 11 of the Dungeon)

   Dex:       It affects your dexterity (+2).
   rElec:     It insulates you from electricity.
   rPois:     It protects you from poison.
   rCorr:     It protects you from acid and corrosion.
   Harm:      It increases damage dealt and taken.
 Z - a +1 buckler (worn)
Jewellery
 l - a ring of positive energy
 s - a +6 ring of dexterity (right hand)
 u - an amulet of the acrobat (around neck)
 y - a ring of protection from cold
 z - a +5 ring of evasion (left hand)
 H - a ring of protection from fire
Wands
 f - a wand of charming (5)
 t - a wand of digging (4)
 x - a wand of flame (11)
 K - a wand of polymorph (7)
 L - a wand of acid (20)
 V - a wand of iceblast (10)
Scrolls
 d - 7 scrolls of identify
 h - 4 scrolls of vulnerability
 k - 6 scrolls of fog
 p - 4 scrolls of blinking
 q - 2 scrolls of magic mapping
 v - 4 scrolls of poison
 C - a scroll of silence
 D - a scroll of summoning
 E - 3 scrolls of teleportation
 I - 2 scrolls of fear
Potions
 c - a potion of invisibility
 e - 5 potions of heal wounds
 g - 9 potions of curing
 i - 4 potions of might
 n - 5 potions of lignification
 o - 2 potions of cancellation
 A - a potion of attraction
 F - 3 potions of resistance
 O - 3 potions of berserk rage
 U - 2 potions of ambrosia
 Y - 2 potions of haste
Miscellaneous
 B - a lightning rod (4/4)


   Skills:
 + Level 10.6 Fighting
 + Level 11.0 Short Blades
 + Level 10.6 Long Blades
 + Level 10.6 Axes
 + Level 10.6 Maces & Flails
 + Level 10.6 Polearms
 + Level 10.6 Staves
 + Level 10.6 Ranged Weapons
 + Level 10.6 Throwing
 + Level 10.6 Armour
 + Level 11.5 Dodging
 + Level 12.1 Stealth
 + Level 10.6 Shields
 + Level 10.6 Unarmed Combat
 + Level 11.7 Spellcasting
 + Level 8.9 Conjurations
 + Level 10.5 Hexes
 + Level 8.9 Summonings
 + Level 8.9 Necromancy
 + Level 8.9 Translocations
 + Level 8.9 Transmutations
 + Level 8.9 Fire Magic
 + Level 8.9 Ice Magic
 + Level 8.9 Air Magic
 + Level 8.9 Earth Magic
 + Level 8.9 Poison Magic
 + Level 11.5 Invocations
 + Level 10.6 Evocations


You had 15 spell levels left.
You knew the following spells:

 Your Spells              Type           Power      Damage    Failure   Level
a - Confusing Touch       Hex            45%        N/A       1%          3
b - Iskenderun's Mystic   Conj/Tloc      40%        2d9       3%          4
d - Dazzling Flash        Conj/Hex       86%        N/A       1%          3
e - Ensorcelled Hibernat  Hex/Ice        86%        N/A       1%          2
i - Ignite Poison         Fire/Tmut/Pois 40%        N/A       1%          3
m - Mephitic Cloud        Conj/Pois/Air  40%        N/A       1%          3
n - Apportation           Tloc           80%        N/A       1%          1
t - Tukima's Dance        Hex            45%        N/A       1%          3

Your spell library contained the following spells:

 Spells                   Type           Power      Damage    Failure   Level
 Beastly Appendage        Tmut           80%        N/A       1%          1
 Necrotise                Necr           100%       1d9       1%          1
 Slow                     Hex            100%       N/A       1%          1
 Summon Small Mammal      Summ           100%       N/A       1%          1
 Cigotuvi's Dreadful Rot  Necr/Pois/Air  80%        N/A       1%          2
 Lesser Beckoning         Tloc           80%        N/A       1%          2
 Passwall                 Tmut/Erth      33%        N/A       1%          2
 Poisonous Vapours        Pois/Air       80%        N/A       1%          2
 Wereblood                Tmut           40%        N/A       1%          2
 Gell's Gravitas          Tloc           40%        N/A       1%          3
 Spider Form              Tmut/Pois      40%        N/A       1%          3
 Stone Arrow              Conj/Erth      80%        3d12      1%          3
 Swiftness                Air            40%        N/A       1%          3
 Teleport Other           Tloc           40%        N/A       1%          3
 Vampiric Draining        Necr           40%        2d8       1%          3
 Anguish                  Hex/Necr       21%        N/A       1%          4
 Sticky Flame             Conj/Fire      40%        2d6       3%          4
 Starburst                Conj/Fire      20%        6d7       41%         6
 Enfeeble                 Hex            22%        N/A       78%         7
 Borgnjor's Revivificati  Necr           20%        N/A       100%        8
 Ignition                 Fire           20%        3d7       100%        8
 Lehudib's Crystal Spear  Conj/Erth      20%        10d6      100%        8
 Necromutation            Tmut/Necr      20%        N/A       100%        8
 Death's Door             Necr           20%        N/A       100%        9


Dungeon Overview and Level Annotations

Branches:
Dungeon (15/15)            Temple (1/1) D:5            Lair (4/5) D:11
  Swamp (0/4) Lair:3       Spider (0/4) Lair:3          Orc (2/2) D:9
    Elf (0/3) Orc:2        Vaults (0/5) D:13         Depths (0/4) D:15
  Sewer (visited)
  Slime: Lair:4-5

Altars:
Ashenzari
Cheibriados
Dithmenos
Elyvilon
Fedhas
Gozag
Hepliaklqana
Kikubaaqudgha
Makhleb
Nemelex Xobeh
Okawaru
Qazlal
Ru
Sif Muna
Trog
Uskayaw
Vehumet
Wu Jian
Xom
Yredelemnul
Zin
The Shining One

Shops:
D:8 =   Orc:1 (   Orc:2 ??!

Annotations:
D:4 exclusion: downstairs
D:5 3 runed translucent doors, sirJeffrey23's ghost, amateur DrHu
D:8 2 transporters
D:13 fly dig, 2 transporters, Heug's ghost, journeyman GrEE


Innate Abilities, Weirdness & Mutations

You have very sharp teeth.
Your uncanny sense of smell can sniff out nearby items.
Your experience applies equally to all skills.


Message History

You catch the helpless orc high priest completely off-guard!
You perforate the orc high priest like a sieve!!!
You kill the orc high priest!
Dithmenos accepts your kill.
The smoke demon disappears in a puff of smoke! x2
The chaos spawn barely misses you. The orc sorcerer completely misses you.
You block the orc warrior's attack. The orc sorcerer closely misses you.
You barely miss the demonspawn.
You bite the demonspawn, but do no damage.
You hit the orc sorcerer.
The orc sorcerer is lightly wounded.
An orc sorcerer comes into view. It is wielding a +0 dagger.
Casting: Dazzling Flash (safe; 1% risk of failure)
Confirm with . or Enter, or press ? or * to list all spells.
Casting: Dazzling Flash (safe; 1% risk of failure)
Press: ? - help, Dir - look around, f - activate The orc sorcerer is dazzled.
The demonspawn is dazzled.
The orc warrior is dazzled.
The chaos spawn is dazzled.
The orc sorcerer is dazzled.
The demonspawn is dazzled.
The orc priest is dazzled.
You block the demonspawn's attack. x3
The chaos spawn misses you. The orc sorcerer completely misses you.
The orc warrior misses you.
The orc sorcerer hits you but does no damage.
The orc sorcerer moves out of view.
You strike the helpless orc sorcerer from behind!
You stick the orc sorcerer like a pincushion!!!
You kill the orc sorcerer!
Dithmenos accepts your kill.
The orc sorcerer no longer looks unusually strong.
The demonspawn completely misses you. You block the demonspawn's attack. x2
The chaos spawn hits you! The chaos spawn freezes you!
* * * LOW HITPOINT WARNING * * *
The orc sorcerer gestures at you while chanting.
You suddenly lose the ability to move!
The orc warrior hits you but does no damage.
Your Short Blades skill increases to level 11!
The demonspawn hits you!
* * * LOW HITPOINT WARNING * * *
You emit a cloud of dark smoke.
The demonspawn claws you.
You die...

..###..###...###........#..##...#
.###[.###.#.#.###.......#.#......
###..###...#...###..............#
##..###...###...###.........#...#
#..###...##.##.).###.......##..##
........##...##))§###..........#
...#...## ..##)§§###.....##.##
.#....## #.§##4#.###.....# #
.....## #§6@§§§.####....# .#..##
##o#o§§..# ...## ..)..##
#§o§§§..## #..# .#)...##
#..##§#.##### ... .))#)..## #o.#
...####.## .)))....# ...#
..###....# #))###)..##.#
.###.....## ##).###..o##
##..#...# ###.)###...# #....#.##


You could see a demonspawn (blind), a chaos spawn (blind), an orc sorcerer
(blind), an orc warrior (blind) and an orc priest (strong, blind).

Vanquished Creatures
  Jorgrun (Orc:1)
  A tentacled starspawn (Lair:1)
  A sphinx (D:14)
  An ironbound preserver (D:13)
  Azrael (D:14)
  Snorg (Lair:3)
  Fannar (Lair:3)
  7 hydras
  An ice dragon (D:15)
  8 two-headed ogres
  An ogre mage (D:15)
  5 centaur warriors
  3 tengu warriors
  4 boulder beetles
  A sun demon (Orc:2)
  3 orc high priests (Orc:2)
  A deep elf knight (D:15)
  3 skeletal warriors
  A skyshark (Lair:2)
  A deep elf archer (D:15)
  2 deep elf zephyrmancers (D:15)
  6 orc knights
  A phantasmal warrior (D:12)
  4 deep elf pyromancers
  A wolf spider (D:15)
  5 orc sorcerers
  3 ugly things
  3 manticores
  6 cyclopes
  Maurice (D:8)
  An elephant (shapeshifter) (D:14)
  4 black mambas
  4 elephants
  Joseph (D:8)
  A rust devil (Orc:2)
  An orange demon (Orc:2)
  4 gargoyles
  5 cane toads
  2 kobold demonologists
  An efreet (D:13)
  2 tengu conjurers
  A yaktaur (D:12)
  9 komodo dragons
  A yaktaur (shapeshifter) (D:12)
  9 trolls
  A polar bear (Lair:2)
  A hornet (D:12)
  Grinder (D:5)
  6 dream sheep
  21 blink frogs
  6 slime creatures (D:13)
  A vampire (D:12)
  4 spriggans (Lair:4)
  2 wyverns (Lair:4)
  A water elemental (D:13)
  2 wraiths
  2 shadows
  4 basilisks
  4 fire elementals (D:14)
  23 yaks
  4 vampire mosquitoes
  A human (Lair:1)
  2 redbacks (Lair:3)
  Menkaure (D:7)
  An acid dragon (D:11)
  6 wargs
  8 water moccasins
  3 hell hounds (D:14)
  34 orc warriors
  A sky beast (D:7)
  2 ice beasts (D:7)
  A black bear (D:5)
  4 wolves
  4 boggarts (D:15)
  11 ogres
  15 centaurs
  2 gnoll sergeants
  A kobold brigand (D:7)
  13 bullfrogs
  3 scorpions
  3 necrophages
  11 killer bees
  2 electric eels
  2 howler monkeys
  A crimson imp (D:8)
  26 orc priests
  Crazy Yiuf (D:6)
  4 gnoll boudas
  5 hounds
  5 jellies
  Ijyb (D:5)
  Natasha (thrice) (D:4)
  3 iguanas
  20 orc wizards
  22 gnolls
  19 adders
  A river rat (D:3)
  2 shadow imps
  An ufetubus (D:5)
  3 worms (D:2)
  4 dart slugs
  87 orcs
  5 giant cockroaches
  7 goblins
  6 hobgoblins
  10 jackals
  5 quokkas
  16 ball pythons
  7 bats
  8 frilled lizards
  11 kobolds
  6 rats
627 creatures vanquished.

Vanquished Creatures (collateral kills)
  A vampire knight (D:12)
  A centaur (D:13)
2 creatures vanquished.

Vanquished Creatures (others)
  A gnoll (D:8)
  2 orcs (Orc:2)
  21 fungi
  108 plants
  2 starspawn tentacles (Lair:1)
134 creatures vanquished.

Grand Total: 763 creatures vanquished

Notes
Turn   | Place    | Note
-------+----------+-------------------------------------------
     0 | D:1      | porpoise the Gnoll Enchanter began the quest for the Orb.
     0 | D:1      | Reached XP level 1. HP: 13/13 MP: 6/6
   237 | D:1      | Reached XP level 2. HP: 16/19 MP: 7/7
   251 | D:1      | Learned a level 2 spell: Ensorcelled Hibernation
   633 | D:1      | Reached skill level 5 in Spellcasting
   633 | D:1      | Reached XP level 3. HP: 24/25 MP: 7/9
   655 | D:1      | Learned a level 3 spell: Confusing Touch
   659 | D:1      | Learned a level 3 spell: Tukima's Dance
   740 | D:1      | Reached skill level 6 in Stealth
   899 | D:1      | Reached skill level 1 in Invocations
  1529 | D:2      | Reached skill level 1 in Fighting
  1529 | D:2      | Reached skill level 1 in Long Blades
  1529 | D:2      | Reached skill level 1 in Axes
  1529 | D:2      | Reached skill level 1 in Maces & Flails
  1529 | D:2      | Reached skill level 1 in Polearms
  1529 | D:2      | Reached skill level 1 in Staves
  1529 | D:2      | Reached skill level 1 in Ranged Weapons
  1529 | D:2      | Reached skill level 1 in Throwing
  1529 | D:2      | Reached skill level 1 in Armour
  1529 | D:2      | Reached skill level 1 in Shields
  1529 | D:2      | Reached skill level 1 in Unarmed Combat
  1529 | D:2      | Reached skill level 1 in Evocations
  1580 | D:2      | Reached XP level 4. HP: 32/32 MP: 6/11
  1712 | D:2      | Reached skill level 1 in Conjurations
  1712 | D:2      | Reached skill level 1 in Summonings
  1712 | D:2      | Reached skill level 1 in Necromancy
  1712 | D:2      | Reached skill level 1 in Translocations
  1712 | D:2      | Reached skill level 1 in Transmutations
  1712 | D:2      | Reached skill level 1 in Fire Magic
  1712 | D:2      | Reached skill level 1 in Ice Magic
  1712 | D:2      | Reached skill level 1 in Air Magic
  1712 | D:2      | Reached skill level 1 in Earth Magic
  1712 | D:2      | Reached skill level 1 in Poison Magic
  2543 | D:3      | Reached XP level 5. HP: 24/37 MP: 1/12
  2761 | D:3      | Found a glowing drain.
  2770 | Sewer    | Entered a sewer
  3664 | D:3      | Reached XP level 6. HP: 42/44 MP: 8/13
  4008 | D:3      | Reached skill level 5 in Dodging
  4201 | D:3      | Found a stormy altar of Qazlal.
  4367 | D:4      | Noticed Natasha
  4369 | D:4      | Killed Natasha
  4516 | D:4      | Noticed Natasha
  4523 | D:4      | Killed Natasha
  4526 | D:4      | Noticed Natasha
  4540 | D:4      | Killed Natasha
  4541 | D:4      | Reached XP level 7. HP: 22/51 MP: 2/15
  4697 | D:4      | Found a radiant altar of Vehumet.
  4912 | D:4      | Found a shimmering altar of Xom.
  5064 | D:5      | Entered Level 5 of the Dungeon
  5084 | D:5      | Found a runed translucent gate.
  5084 | D:5      | Found a runed translucent gate.
  5084 | D:5      | Found a runed translucent gate.
  5111 | D:5      | Identified the +1 mace of the Hand {freeze, Dex+3}
  5111 | D:5      | Identified the +4 ring mail "Butz" {Will- Str+3 Slay+5}
  5112 | D:5      | Noticed sirJeffrey23's ghost (amateur DrHu)
  5537 | D:5      | Noticed Ijyb
  5592 | D:5      | Killed Ijyb
  5597 | D:5      | Reached XP level 8. HP: 26/58 MP: 2/16
  5732 | D:5      | Found a staircase to the Ecumenical Temple.
  5742 | Temple   | Entered the Ecumenical Temple
  5874 | Temple   | Became a worshipper of Dithmenos the Shadowed
  6073 | D:5      | Noticed Grinder
  6083 | D:5      | Killed Grinder
  6540 | D:5      | Reached skill level 7 in Stealth
  6677 | D:5      | Found an iron altar of Okawaru.
  6677 | D:5      | Found an ancient bone altar of Kikubaaqudgha.
  7095 | D:6      | Reached XP level 9. HP: 62/65 MP: 7/18
  7095 | D:6      | Reached * piety under Dithmenos
  7357 | D:6      | Found a runed translucent door.
  7358 | D:6      | Noticed Crazy Yiuf
  7365 | D:6      | Killed Crazy Yiuf
  7684 | D:7      | Noticed Menkaure
  7690 | D:7      | Killed Menkaure
  7691 | D:7      | Reached skill level 5 in Short Blades
  8157 | D:7      | Noticed a boulder beetle
  8176 | D:7      | Killed a boulder beetle
  8177 | D:7      | Reached skill level 5 in Invocations
  8371 | D:7      | Noticed a two-headed ogre
  8427 | D:7      | Killed a two-headed ogre
  8428 | D:7      | Reached skill level 5 in Fighting
  8428 | D:7      | Reached skill level 5 in Long Blades
  8428 | D:7      | Reached skill level 5 in Axes
  8428 | D:7      | Reached skill level 5 in Maces & Flails
  8428 | D:7      | Reached skill level 5 in Polearms
  8428 | D:7      | Reached skill level 5 in Staves
  8428 | D:7      | Reached skill level 5 in Ranged Weapons
  8428 | D:7      | Reached skill level 5 in Throwing
  8428 | D:7      | Reached skill level 5 in Armour
  8428 | D:7      | Reached skill level 5 in Shields
  8428 | D:7      | Reached skill level 5 in Unarmed Combat
  8428 | D:7      | Reached skill level 5 in Evocations
  8428 | D:7      | Reached XP level 10. HP: 17/74 MP: 0/20
  8667 | D:7      | Reached skill level 8 in Stealth
  8671 | D:7      | Learned a level 3 spell: Dazzling Flash
  8937 | D:7      | Reached ** piety under Dithmenos
  9416 | D:8      | Noticed Joseph
  9417 | D:8      | Found Amucum's Jewellery Shoppe.
  9420 | D:8      | Killed Joseph
  9448 | D:8      | Found a sacrificial altar of Ru.
  9451 | D:8      | Noticed a purple ugly thing
  9453 | D:8      | Found a transporter.
  9453 | D:8      | Noticed a boulder beetle
  9464 | D:8      | Found a transporter.
  9867 | D:8      | Noticed Maurice
 10015 | D:8      | Found a burning altar of Makhleb.
 10086 | D:8      | Found a glowing golden altar of the Shining One.
 10271 | D:8      | Killed Maurice
 10346 | D:9      | Found a staircase to the Orcish Mines.
 10666 | D:9      | Noticed a kobold demonologist
 10674 | D:9      | Reached *** piety under Dithmenos
 10915 | D:9      | Noticed a two-headed ogre
 10920 | D:9      | Killed a two-headed ogre
 10921 | D:9      | Reached skill level 5 in Conjurations
 10921 | D:9      | Reached skill level 5 in Summonings
 10921 | D:9      | Reached skill level 5 in Necromancy
 10921 | D:9      | Reached skill level 5 in Translocations
 10921 | D:9      | Reached skill level 5 in Transmutations
 10921 | D:9      | Reached skill level 5 in Fire Magic
 10921 | D:9      | Reached skill level 5 in Ice Magic
 10921 | D:9      | Reached skill level 5 in Air Magic
 10921 | D:9      | Reached skill level 5 in Earth Magic
 10921 | D:9      | Reached skill level 5 in Poison Magic
 10921 | D:9      | Reached XP level 11. HP: 81/81 MP: 21/23
 10924 | D:9      | Learned a level 1 spell: Apportation
 11211 | D:9      | Found a shimmering blue altar of Sif Muna.
 11591 | D:10     | Entered Level 10 of the Dungeon
 11622 | D:10     | Learned a level 3 spell: Ignite Poison
 11682 | D:10     | Noticed a cyclops
 11683 | D:10     | Noticed a six-headed hydra
 11984 | D:10     | Killed a six-headed hydra
 12410 | D:10     | Found the +8 frozen axe "Frostbite" {freeze, freezing
                  | cloud, *Noise Fly rC+}
 12430 | D:10     | Identified the ring of Fuzur {rPois rCorr}
 12450 | D:10     | Noticed a red ugly thing
 12477 | D:10     | Killed a red ugly thing
 12478 | D:10     | Reached skill level 9 in Stealth
 12836 | D:10     | Killed a cyclops
 12896 | D:10     | Noticed a deep elf pyromancer
 12907 | D:10     | Killed a deep elf pyromancer
 13091 | D:11     | Identified the +1 cloak "Uggostog" {Harm rElec rPois rCorr
                  | Dex+2}
 13585 | D:11     | Found a staircase to the Lair.
 13838 | Lair:1   | Entered Level 1 of the Lair of Beasts
 14029 | Lair:1   | Reached XP level 12. HP: 65/91 MP: 19/24
 14355 | Lair:1   | Reached **** piety under Dithmenos
 14583 | Lair:1   | Found a runed translucent door.
 14584 | Lair:1   | Noticed a tentacled starspawn
 17164 | Lair:3   | Noticed Snorg
 17345 | Lair:3   | Killed Snorg
 17346 | Lair:3   | Reached skill level 10 in Stealth
 17593 | Lair:3   | Noticed a seven-headed hydra
 17605 | Lair:3   | Killed a seven-headed hydra
 17710 | Lair:3   | Reached XP level 13. HP: 71/98 MP: 20/26
 17930 | Lair:3   | Found a hole to the Spider Nest.
 18180 | Lair:3   | Noticed Fannar
 18197 | Lair:3   | Killed Fannar
 18324 | Lair:3   | Found a staircase to the Swamp.
 18431 | Lair:3   | Found a hide-covered altar of Uskayaw.
 18431 | Lair:3   | Found an ornate altar of the Wu Jian Council.
 18943 | Lair:4   | Reached skill level 10 in Spellcasting
 19367 | Lair:4   | Reached ***** piety under Dithmenos
 20082 | Lair:1   | Killed a tentacled starspawn
 20083 | Lair:1   | Reached skill level 10 in Dodging
 21210 | D:12     | Noticed a vampire knight
 21212 | D:12     | Paralysed by something for 3 turns
 21227 | D:12     | Killed a vampire knight
 21228 | D:12     | Reached XP level 14. HP: 34/108 MP: 23/28
 21253 | D:12     | Reached skill level 10 in Invocations
 21310 | D:12     | Got Sif Muna's Verses on the Fjord
 21361 | D:13     | Identified the +1 scimitar of Duty {antimagic, rN+}
 21393 | D:13     | Reached skill level 11 in Stealth
 22141 | D:13     | Learned a level 4 spell: Iskenderun's Mystic Blast
 22256 | D:13     | Found a gate to the Vaults.
 22256 | D:13     | Noticed an ironbound preserver
 22271 | D:13     | Killed an ironbound preserver
 22541 | D:13     | Found a transporter.
 22550 | D:13     | Noticed Heug's ghost (journeyman GrEE)
 22551 | D:13     | Found a bloodstained altar of Trog.
 22612 | D:13     | Found a transporter.
 23182 | D:14     | Noticed Azrael
 23277 | D:14     | Reached skill level 10 in Short Blades
 24018 | D:14     | Killed Azrael
 24457 | D:14     | Noticed a sphinx
 24468 | D:14     | Killed a sphinx
 24469 | D:14     | Reached skill level 10 in Hexes
 24704 | D:15     | Entered Level 15 of the Dungeon
 24766 | D:15     | Reached skill level 10 in Fighting
 24766 | D:15     | Reached skill level 10 in Long Blades
 24766 | D:15     | Reached skill level 10 in Axes
 24766 | D:15     | Reached skill level 10 in Maces & Flails
 24766 | D:15     | Reached skill level 10 in Polearms
 24766 | D:15     | Reached skill level 10 in Staves
 24766 | D:15     | Reached skill level 10 in Ranged Weapons
 24766 | D:15     | Reached skill level 10 in Throwing
 24766 | D:15     | Reached skill level 10 in Armour
 24766 | D:15     | Reached skill level 10 in Shields
 24766 | D:15     | Reached skill level 10 in Unarmed Combat
 24766 | D:15     | Reached skill level 10 in Evocations
 25077 | D:15     | Found a white marble altar of Elyvilon.
 25107 | D:14     | Reached XP level 15. HP: 69/115 MP: 21/30
 25745 | D:15     | Found a staircase to the Depths.
 26025 | D:15     | Learned a level 3 spell: Mephitic Cloud
 26707 | Orc:1    | Entered Level 1 of the Orcish Mines
 26931 | D:9      | Reached ****** piety under Dithmenos
 27161 | Orc:1    | Found Zeqofiti's Weapon Boutique.
 27268 | Orc:2    | Entered Level 2 of the Orcish Mines
 27283 | Orc:2    | Found a staircase to the Elven Halls.
 27829 | Orc:2    | Found Supin's Magic Scroll Shop.
 28137 | Orc:1    | Reached skill level 12 in Stealth
 28611 | Orc:2    | Noticed Jorgrun
 28816 | Orc:1    | Killed Jorgrun
 29075 | Orc:2    | Found Cecw's Distillery.
 29078 | Orc:2    | Found Anoak's Magic Scroll Shoppe.
 29221 | Orc:2    | Bought a scroll of fear for 60 gold pieces
 29221 | Orc:2    | Bought a scroll of summoning for 142 gold pieces
 29296 | Orc:2    | Paralysed by an orc sorcerer for 3 turns
 29297 | Orc:2    | HP: 3/117 [demonspawn (15)]
 29297 | Orc:2    | Slain by a demonspawn

Illustrated notes

Levels and vault maps discovered:
D:1:      eino_arrival_water_cross, layout_basic
D:2:      layout_basic
D:3:      layout_basic, nicolae_qazlal_eye_of_the_storm, portal_sewer_entry_b
D:4:      layout_rooms, mainiacjoe_overflow_24_doors, mainiacjoe_overflow_paths,
          uniq_natasha
D:5:      layout_gridville, gammafunk_temple_overflow_elements,
          minmay_temple_entry_overgrown, biasface_ghost_orc_armoury,
          dreamdust_mushroom_princess, minivault_23, hangedman_decor_growths,
          uniq_ijyb, uniq_grinder
D:6:      layout_loops_ring, uniq_crazy_yiuf_cottage
D:7:      layout_layer_cave, serial_bayou_pond_e, uniq_menkaure
D:8:      layout_rooms, makhleb_grotto_becter, gammafunk_temple_overflow_arena,
          nicolae_tso_swordbearing_angel, serial_shops, nicolae_stop_n_shop_1,
          uniq_maurice, uniq_joseph
D:9:      layout_irregular_city, mainiacjoe_overflow_chevrons, david_orc_2
D:10:     layout_cave_pools, minmay_radiant
D:11:     layout_irregular_city, david_lair_shrubbed
D:12:     minmay_shrinking_squares, layout_loops_ring
D:13:     layout_gridville, skrybe_vaults_entry_preservation,
          gammafunk_ghost_wrathful_warriors, hive_lemuel
D:14:     minmay_outward_triangles, layout_irregular_city, minmay_crystal_room,
          uniq_azrael
D:15:     grunt_enter_depths_hoard, layout_grid_maze, elyvilon_altar_3
Temple:   dshaligram_water_room_temple
Lair:1:   layout_regular_city, chequers_serial_rivers_micro_c,
          pdpol_lair_cabin_in_the_woods, grunt_megastairs_5,
          serial_bayou_shore_b
Lair:2:   layout_concentric_octagons
Lair:3:   layout_roguey, swamp_mist_pool, spider_nest_entry_webs,
          serial_bayou_ford_a, nzn_masters_of_martial_movement, uniq_snorg,
          uniq_fannar
Lair:4:   wad_woods_settlement, layout_hall_layers
Orc:1:    layout_caves, serial_shops, nicolae_shop_stone
Orc:2:    pf_orc_diabolical, layout_caves, serial_shops, nicolae_shop_crystal,
          uniq_jorgrun

Skill      XL: |  1  2  3  4  5  6  7  8  9 10 11 12 13 14 15 |
---------------+----------------------------------------------+-----
Spellcasting   | 5 6 7 8 9 10 11 | 11.7
Stealth        | 6 7 8 9 10 11 12 | 12.1
Invocations    | 1 2 3 4 5 6 7 8 9 10 11 | 11.5
Fighting       | 1 2 3 5 6 7 8 9 10 | 10.6
Long Blades    | 1 2 3 5 6 7 8 9 10 | 10.6
Axes           | 1 2 3 5 6 7 8 9 10 | 10.6
Maces & Flails | 1 2 3 5 6 7 8 9 10 | 10.6
Polearms       | 1 2 3 5 6 7 8 9 10 | 10.6
Staves         | 1 2 3 5 6 7 8 9 10 | 10.6
Ranged Weapons | 1 2 3 5 6 7 8 9 10 | 10.6
Throwing       | 1 2 3 5 6 7 8 9 10 | 10.6
Armour         | 1 2 3 5 6 7 8 9 10 | 10.6
Shields        | 1 2 3 5 6 7 8 9 10 | 10.6
Unarmed Combat | 1 2 3 5 6 7 8 9 10 | 10.6
Evocations     | 1 2 3 5 6 7 8 9 10 | 10.6
Conjurations   | 1 2 3 4 5 6 7 8 |  8.9
Summonings     | 1 2 3 4 5 6 7 8 |  8.9
Necromancy     | 1 2 3 4 5 6 7 8 |  8.9
Translocations | 1 2 3 4 5 6 7 8 |  8.9
Transmutations | 1 2 3 4 5 6 7 8 |  8.9
Fire Magic     | 1 2 3 4 5 6 7 8 |  8.9
Ice Magic      | 1 2 3 4 5 6 7 8 |  8.9
Air Magic      | 1 2 3 4 5 6 7 8 |  8.9
Earth Magic    | 1 2 3 4 5 6 7 8 |  8.9
Poison Magic   | 1 2 3 4 5 6 7 8 |  8.9
Short Blades   | 3 4 5 6 7 8 9 10 11 | 11.0
Dodging        | 5 6 7 8 9 10 11 | 11.5
Hexes          | 6 7 8 9 10 | 10.5

Action                     |  1- 3 |  4- 6 |  7- 9 | 10-12 | 13-15 || total
---------------------------+-------+-------+-------+-------+-------++-------
  Melee: Dagger            |   130 |   155 |   303 |   687 |  1051 ||  2326
         Bite              |    16 |    13 |    32 |   136 |   188 ||   385
         Punch             |     2 |     2 |     9 |    44 |    30 ||    87
         War axe           |       |     3 |     3 |       |       ||     6
         Unarmed           |       |     1 |       |    49 |       ||    50
         Executioner's axe |       |       |       |     3 |       ||     3
   Fire: Sling             |       |       |       |     3 |    11 ||    14
  Throw: Dart              |       |       |    13 |    14 |    64 ||    91
   Cast: Ensorcelled Hiber |     6 |    41 |    28 |    27 |    29 ||   131
         Confusing Touch   |       |       |    33 |   106 |    92 ||   231
         Dazzling Flash    |       |       |       |       |    42 ||    42
         Ignite Poison     |       |       |       |       |    19 ||    19
         Tukima's Dance    |       |       |       |       |     8 ||     8
         Iskenderun's Myst |       |       |       |       |     9 ||     9
         Mephitic Cloud    |       |       |       |       |     1 ||     1
 Invoke: Shadow Step       |       |       |       |       |     1 ||     1
  Evoke: Wand              |       |       |       |     6 |    25 ||    31
         Lightning rod     |       |       |       |       |     7 ||     7
    Use: Scroll            |       |    12 |     4 |    12 |    11 ||    39
         Potion            |       |       |     3 |     2 |     5 ||    10
   Stab: Sleeping          |    13 |    35 |    27 |    35 |    54 ||   164
         Distracted        |       |     1 |       |     2 |     6 ||     9
         Confused          |       |       |    19 |    90 |    73 ||   182
         Invisible         |       |       |     2 |       |    69 ||    71
 Armour: Robe              |    11 |       |       |       |       ||    11
         Leather armour    |    14 |    26 |    20 |    28 |       ||    88
         Acid dragon scale |       |       |       |    33 |     2 ||    35
         Troll leather arm |       |       |       |       |   108 ||   108
  Dodge: Dodged            |    76 |   104 |   201 |   567 |   727 ||  1675
  Block: Buckler           |       |       |       |       |   250 ||   250

Table legend: (Time is in decaauts)
 A = Elapsed time spent in this place.
 B = Non-inter-level travel time spent in this place.
 C = Inter-level travel time spent in this place.
 D = Time resting spent in this place.
 E = Time spent auto-exploring this place.
 F = Levels seen in this place.
 G = Mean time per level.
                   A        B        C        D        E       F      G
               +--------+--------+--------+--------+--------+-----+--------+
         Total |  28008 |  26618 |   1390 |   8986 |  11819 |  23 | 1217.7 |
       Dungeon |  18612 |  17694 |    918 |   6051 |   8269 |  15 | 1240.8 |
        Temple |    138 |    110 |     28 |      0 |    100 |   1 |  138.0 |
          Lair |   6338 |   5914 |    424 |   1732 |   2837 |   4 | 1584.5 |
  Orcish Mines |   2131 |   2112 |     19 |    738 |    612 |   2 | 1065.5 |
         Sewer |    787 |    787 |      0 |    465 |      0 |   1 |  787.0 |
               +--------+--------+--------+--------+--------+-----+--------+

Top non-repeatable levels by time:
  Lair:1: 2112 daAuts
     D:9: 1882 daAuts
    D:13: 1628 daAuts
     D:7: 1609 daAuts
  Lair:2: 1601 daAuts
  Lair:3: 1516 daAuts
    D:14: 1478 daAuts
    D:15: 1447 daAuts
     D:1: 1378 daAuts
   Orc:2: 1342 daAuts
     D:5: 1275 daAuts
    D:12: 1219 daAuts
     D:2: 1146 daAuts
  Lair:4: 1107 daAuts
     D:3: 1015 daAuts
